 Dungeon Crawl Stone Soup version 0.21.1-1-g345015fe64 (webtiles) character file.

76 Htamos the Gusty (level 4, 0/24 HPs)
             Began as a Deep Elf Air Elementalist on July 5, 2018.
             Slain by an orc priest
             ... wielding a +0 flail
              (6 damage)
             ... on level 3 of the Dungeon.
             The game lasted 00:09:25 (1943 turns).

Htamos the Gusty (Deep Elf Air Elementalist)        Turns: 1943, Time: 00:09:26

Health: 0/24       AC:  2    Str:  5    XL:     4   Next: 12%
Magic:  3/12       EV: 13    Int: 21    God:
Gold:   170        SH:  0    Dex: 15    Spells: 10/11 levels left

rFire    . . .     SeeInvis .   k - +2 spear (venom)
rCold    . . .     Gourm    .   (no shield)
rNeg     . . .     Faith    .   a - +0 robe
rPois    .         Spirit   .   (no helmet)
rElec    .         Reflect  .   (no cloak)
rCorr    .         Harm     .   (no gloves)
MR       .....                  (no boots)
Stlth    ++........             (no amulet)
HPRegen  0.08/turn              (no ring)
MPRegen  0.13/turn              (no ring)

@: no status effects
A: no striking features
a: no special abilities


You were on level 3 of the Dungeon.
You were not hungry.

You visited 1 branch of the dungeon, and saw 3 of its levels.

You collected 170 gold pieces.

Inventory:

Hand Weapons
 k - a +2 spear of venom (weapon)
Armour
 a - a +0 robe (worn)
Jewellery
 o - an uncursed amulet of faith {unknown}
Scrolls
 e - a scroll of amnesia {unknown}
 g - 4 scrolls of teleportation {unknown}
 h - 2 scrolls of identify {unknown}
 j - 2 scrolls of blinking {unknown}
 l - a scroll of enchant weapon {unknown}
 m - a scroll of fear {unknown}
 n - 2 scrolls of remove curse {unknown}
 p - a scroll of noise {unknown}
Potions
 d - a potion of degeneration {unknown}
 f - a potion of mutation {unknown}
 i - 2 potions of magic {unknown}
 q - a potion of haste {unknown}
Books
 b - a book of Air

   Spells                             Type                      Level
   a - Shock                          Conjuration/Air              1
   b - Swiftness                      Charms/Air                   2
   c - Static Discharge               Conjuration/Air              3
   d - Airstrike                      Air                          4
   e - Lightning Bolt                 Conjuration/Air              5
Comestibles
 c - 5 rations


   Skills:
 + Level 2.5 Dodging
 + Level 2.6 Stealth
 * Level 4.1 Spellcasting
 + Level 1.5 Conjurations
 + Level 4.2 Air Magic


You had 10 spell levels left.
You knew the following spells:

 Your Spells              Type           Power        Failure   Level  Hunger
a - Shock                 Conj/Air       ###.         3%          1    None


Dungeon Overview and Level Annotations

Branches:
Dungeon (3/15)

Altars:
Ru


Message History

The orc priest is poisoned.
You hit the orc priest but do no damage.
The orc priest is lightly wounded.
The orc priest hits you with a flail.
A kobold comes into view. It is wielding a dagger.
You hit the orc priest but do no damage.
The orc priest looks as sick as possible!
The orc priest is moderately wounded.
The orc priest hits you but does no damage.
You hit the orc priest but do no damage.
The orc priest looks as sick as possible!
The orc priest is moderately wounded.
The orc priest hits you with a flail!
* * * LOW HITPOINT WARNING * * *
An orc comes into view. It is wielding a hand axe.
You are too injured to fight recklessly!
You hit the orc priest but do no damage.
The orc priest is severely wounded.
The orc priest hits you with a flail.
You die...

#.# .#####. ## #.#
$...... ..######.#
....... ........####
....... #.........#
....... #.........#
....... #.........#
#...%o####.........#
#.....Ko@.......####
#.....##.##)###.#
#.....##......#.#
...............#.#
.#.....###.....#.#
#####. #.....#.# #.
#.....#.# #r
#)....#.########
#.....#........#


You could see an orc priest, an orc and a kobold.

Vanquished Creatures
  A hound zombie (D:3)
  An adder (D:2)
  3 leopard geckos
  2 orcs (D:3)
  A ball python (D:1)
  3 bats
  3 giant cockroaches
  6 goblins
  3 hobgoblins
  A quokka (D:2)
  3 frilled lizards
  8 kobolds
  9 rats
44 creatures vanquished.

Notes
Turn   | Place    | Note
-------+----------+-------------------------------------------
     0 | D:1      | Htamos the Deep Elf Air Elementalist began the quest for the Orb.
     0 | D:1      | Reached XP level 1. HP: 10/10 MP: 6/6
   407 | D:1      | Reached XP level 2. HP: 15/15 MP: 6/8
  1431 | D:2      | Found a sacrificial altar of Ru.
  1458 | D:2      | Reached XP level 3. HP: 17/19 MP: 2/9
  1931 | D:3      | Reached XP level 4. HP: 17/24 MP: 1/12
  1943 | D:3      | Slain by an orc priest

Skill      XL: |  1  2  3 |
---------------+----------+-----
Air Magic      | 4 |  4.2
Spellcasting   | 4 |  4.1
Dodging        | |  2.5
Stealth        | |  2.6
Conjurations   | |  1.5

Action                   |  1- 3 |  4- 6 || total
-------------------------+-------+-------++-------
Melee: Unarmed           |     3 |       ||     3
       Spear             |     9 |    11 ||    20
 Cast: Shock             |    74 |       ||    74
  Eat: Chunk             |     3 |       ||     3
Armor: Robe              |     4 |     2 ||     6
Dodge: Dodged            |    13 |     2 ||    15
